AoeStats
← nobre0

Arabia

510650808Analyzed
1v1 RM · 1d ago on Oct 2, 2026· 17m 9s· 2 players
Game mode
Random Map
Map size
Tiny (2 player)
Population
200
Speed
Normal
Resources
Standard
Victory
Conquest
Starting age
Dark Age
Ending age
Imperial Age
RankedLock teamsTeams togetherTeam positionsShared explorationLock speedFull tech treeHidden civsTurbo modeCheats
Victory
Defeat
🇧🇷 Japanese · Brazil
997
+17
🇧🇷 Khmer · Brazil
1010
-17
nobre0
5:38 Loom
10:08 Feudal Age
10:40 Double-Bit Axe
14:18 Wheelbarrow
16:36 Town Watch
BaCuRaL5167
7:43 Loom
10:04 Feudal Age
10:19 Man-at-Arms
Connection lost

Rejoining the realm…

Still unreachable

The connection could not be restored.

Session expired

The server has moved on; the page needs a fresh start.